 Dungeon Crawl Stone Soup version 0.16-a0-787-g31dbbe7 (webtiles) character file.

29743 RobertPalmer the Spry (level 13, -4/102 HPs)
             Began as an Ogre Wizard on Sept 26, 2014.
             Was an Elder of Ashenzari.
             Slain by a killer bee (6 damage)
             ... on Level 4 of the Lair of Beasts on Sept 27, 2014.
             The game lasted 01:27:10 (25092 turns).

RobertPalmer the Spry (Ogre Wizard)                Turns: 25092, Time: 01:27:11

HP  -4/102       AC  8     Str 16      XL: 13   Next: 47%
MP   4/22        EV 21     Int 20      God: Ashenzari [****..]
Gold 696         SH  0     Dex 12      Spells:  8 memorised,  1 level left

rFire  + . .     SeeInvis +     a - +1 giant spiked club (crush) (curse)
rCold  . . .     Clarity  +     T - +2 robe of Perpetual Drought {rF+ Str+1}
rNeg   . . .     rCorr    .     (shield restricted)
rPois  .         rRot     .     b - +2 hat (curse)
rElec  .         Spirit   .     F - +0 cloak
SustAb .         Warding  .     (gloves unavailable)
rMut   +         Stasis   .     (boots unavailable)
Gourm  .                        y - cursed amulet of resist mutation
MR     +....                    x - +3 ring of intelligence
                                N - cursed +3 ring of evasion

@: lethally poisoned, very slightly contaminated, somewhat resistant to hostile
enchantments, unstealthy
A: unfitting armour, tough skin 1
a: Scrying, Renounce Religion


You were on level 4 of the Lair of Beasts.
You worshipped Ashenzari.
Ashenzari was greatly pleased with you.
You were not hungry.

You visited 2 branches of the dungeon, and saw 16 of its levels.
You also visited: Sewer and Ossuary.

You collected 1053 gold pieces.
You spent 357 gold pieces at shops.


Innate Abilities, Weirdness & Mutations

You are too large for most types of armour.
You have tough skin (AC +1).


   Skills:
 - Level 14.4(18.4) Maces & Flails
 + Level 4.8 Throwing
 - Level 15.2(17.0) Dodging
 - Level 1.5(3.1) Stealth
 - Level 3.6 Spellcasting
 - Level 5.9(8.2) Conjurations
 - Level 0.6(1.7) Summonings
 - Level 1.0(2.3) Translocations


You had one spell level left.
You knew the following spells:

 Your Spells              Type           Power        Failure   Level  Hunger
a - Shroud of Golubria    Chrm/Tloc      #.........   14%         2    ##.....
b - Blink                 Tloc           N/A          10%         2    ##.....
c - Mephitic Cloud        Conj/Pois/Air  ###.....     14%         3    ###....
d - Repel Missiles        Chrm/Air       #.....       21%         2    ##.....
e - Apportation           Tloc           ##........   6%          1    None
u - Portal Projectile     Tloc           ##....       17%         3    ###....
x - Call Imp              Summ           ##......     12%         2    ##.....
y - Conjure Flame         Conj/Fire      ###.....     10%         3    ###....

Inventory:

Hand weapons
 a - a cursed +1 giant spiked club of crushing (weapon)
Armour
 b - a cursed +2 hat (worn)
 j - a +2 hat of magic resistance
 F - a +0 cloak (worn)
 G - a +0 troll leather armour
 T - the cursed +2 robe of Perpetual Drought (worn) {rF+ Str+1}
   (You found it on level 10 of the Dungeon)

   It affects your strength (+1).
   It protects you from fire.
   It has a curse placed upon it.
Magical devices
 f - a wand of lightning (0)
 A - a wand of digging (13)
 B - a wand of disintegration (3)
 C - a wand of fire (8)
 J - a wand of fireball (5)
 K - a wand of confusion (3)
 Q - a wand of slowing (9)
 S - a wand of fireball (1)
 W - a wand of lightning (0)
Comestibles
 d - 16 meat rations
 H - 2 beef jerkies
Scrolls
 i - 2 scrolls of teleportation
 n - 9 scrolls of identify
 u - 5 scrolls of fog
 D - a scroll of fear
 E - 3 scrolls of magic mapping
 L - 2 scrolls of amnesia
 P - a scroll of recharging
 V - 2 scrolls of enchant armour
 Y - a scroll of remove curse
 Z - a scroll of summoning {unknown}
Jewellery
 o - an uncursed ring of sustain abilities
 x - a +3 ring of intelligence (right hand)
 y - a cursed amulet of resist mutation (around neck)
 I - an uncursed ring of protection from magic
 N - a cursed +3 ring of evasion (left hand)
 O - an uncursed ring of flight
 U - the ring of the Princeling {+Inv rC+}
   (You found it on level 3 of the Lair of Beasts)

   [ring of protection from cold]

   It protects you from cold.
   It lets you turn invisible.
Potions
 e - 2 potions of curing
 g - a potion of lignification {unknown}
 k - a potion of poison {unknown}
 l - 2 potions of invisibility {unknown}
 m - 4 potions of haste {unknown}
 q - 5 potions of confusion {unknown}
 r - 4 potions of restore abilities
 s - a potion of resistance {unknown}
 t - 4 potions of flight
 v - 3 potions of brilliance {unknown}
 w - a potion of magic {unknown}
 z - 2 potions of degeneration {unknown}
 M - a potion of agility {unknown}
Books
 c - a book of Minor Magic
 p - a book of Death
 X - a book of Spatial Translocations

Dungeon Overview and Level Annotations

Branches:
Dungeon (11/15)            Temple (0/1) D:7            Lair (5/8) D:9
    Orc: D:9-12       Swamp: Lair:3-6    Shoals: Lair:3-6     Snake: Lair:3-6
 Spider: Lair:3-6

Altars:
Ashenzari
Cheibriados
Fedhas
Okawaru
Qazlal
Ru
Sif Muna
Trog
Zin

Shops:
D:5 [   D:8 =

Portals:
Ice
Cave: Lair:5

Annotations:
D:7 BE CAREFUL GOING DOWNSTAIRS
Lair:4 exclusion: 2 oklob plants

* * ## * . , , * ####.
*.,, ,, #y.... .. * *
##Y..#####.#* * *
###Y...#.##.# *** *
#.....@y§...##. * *
**####......y.Y.......**,*
*,#....<....§....#..# ,* *
#.............y.># #, , *
##.........$.....# , ,
#........}...y..# * , , *
##....Y..####.### , , ,
#.#......# y%y.{ ,, ,,
*##...#yy#,.%...* P, , ,


You could see 4 death yaks and 6 killer bees.


Message History

As you read the scroll of fear, it crumbles to dust.
You assume a fearsome visage.
The killer bee looks frightened!
The killer bee looks frightened! x5
The queen bee looks frightened!
The killer bee looks frightened!
The death yak looks frightened! x2
The death yak resists with almost no effort.
The death yak looks frightened!
You feel sick.
Read which item? (? for menu, Esc to quit)
Okay, then.
Drink which item? (? for menu, Esc to quit)
Okay, then.
You miscast Blink.
You feel a strange surge of energy!
You feel sick. The death yak barely misses you.
The queen bee calls on the killer bee to defend her!
The killer bee goes berserk!
The queen bee calls on the killer bee to defend her!
The killer bee goes berserk!
Cornered, the killer bee turns to fight!
A killer bee comes into view.
You blink.
You feel sick.
The killer bee rages.
The killer bee stings you but does no damage.
Found a royal jelly.
You blink.
You feel sick. The killer bee stings you!
* * * LOW HITPOINT WARNING * * *
The killer bee barely misses you.
You blink.
The killer bee barely misses you.
Cornered, the killer bee turns to fight!
The killer bee stings you.
You die...

Action                   |  1- 3 |  4- 6 |  7- 9 | 10-12 | 13-15 || total
-------------------------+-------+-------+-------+-------+-------++-------
Melee: Unarmed           |    10 |       |       |       |       ||    10
       Club              |    39 |       |       |       |       ||    39
       Whip              |    39 |       |       |       |       ||    39
       Flail             |     9 |   224 |       |       |       ||   233
       Giant club        |       |    33 |   100 |       |       ||   133
       Giant spiked club |       |       |   264 |   943 |   180 ||  1387
Throw: Large rock        |       |       |       |       |     3 ||     3
 Cast: Magic Dart        |    45 |    21 |    12 |     6 |       ||    84
       Call Imp          |    10 |    34 |    69 |    39 |     7 ||   159
       Mephitic Cloud    |       |     3 |    10 |    18 |     1 ||    32
       Repel Missiles    |       |     2 |     1 |     5 |       ||     8
       Blink             |       |       |     6 |    11 |     8 ||    25
       Conjure Flame     |       |       |     2 |     7 |       ||     9
       Portal Projectile |       |       |       |       |     1 ||     1
       Shroud of Golubri |       |       |       |       |     1 ||     1
Evoke: Wand              |       |       |     9 |    20 |    16 ||    45
  Use: Scroll            |     2 |     8 |    15 |    10 |     3 ||    38
       Potion            |       |     2 |     3 |     2 |     5 ||    12
 Stab: Confused          |       |     3 |     2 |    17 |       ||    22
       Distracted        |       |     1 |     2 |     1 |     1 ||     5
       Sleeping          |       |       |     2 |     5 |       ||     7
  Eat: Chunk             |     4 |    12 |    17 |    23 |     5 ||    61
       Bread ration      |       |     1 |       |     4 |     1 ||     6
       Pizza             |       |       |     1 |       |       ||     1
       Royal jelly       |       |       |     1 |       |       ||     1
       Fruit             |       |       |       |       |     2 ||     2

Vault maps used:
D:1:      dpeg_arrival_short_road, serial_curves, eino_curves_02,
          eino_curves_02, cheibriados_altar_1
D:2:      st_stairs_9, lemuel_another_geyser
D:3:      lemuel_doored_altar, first_bread, gup_sewer_entry_bowl,
          grunt_decor_resistance
D:5:      kennysheep_little_box, lemuel_crystal_altar, serial_shops, shop
D:6:      minmay_overflow_temple_star_quad
D:7:      minmay_temple_entry_junction, nicolae_ossuary_entry_plus,
          uniq_menkaure, uniq_iyjb
D:8:      nicolae_overflow_hidden_temple, zin_treasury, serial_shops, shop,
          uniq_eustachio, uniq_grum
D:9:      minmay_lair_entry_lava, uniq_duvessa, uniq_pikel, uniq_psyche
D:10:     uniq_erica, uniq_sonja
D:11:     uniq_joseph
Lair:1:   nicolae_quartered_pool_little, grunt_megastairs_5
Lair:3:   gammafunk_lair_enchanted_lake, uniq_gastronok
Lair:4:   minmay_lair_oklob_tunnel, special_room, minmay_holes,
          minmay_lindwurm_lava, bh_autumn_forest_stairs
Lair:5:   minmay_snake_entry_six_corridors, portal_ice_cave_entry_pillars_03,
          serial_bayou_shore_a, infiniplex_staircase_pool, lemuel_fruit_tree
Sewer:    sewer_fruit_machine
Ossuary:  ossuary_minmay_chase

Notes
Turn   | Place    | Note
--------------------------------------------------------------
     0 | D:1      | RobertPalmer, the Ogre Wizard, began the quest for the Orb.
     0 | D:1      | Reached XP level 1. HP: 16/16 MP: 4/4
   189 | D:1      | Reached skill level 2 in Dodging
   269 | D:1      | Reached XP level 2. HP: 24/24 MP: 4/6
   272 | D:1      | Found a snail-covered altar of Cheibriados.
   793 | D:1      | Reached skill level 1 in Maces & Flails
  1267 | D:2      | Reached skill level 2 in Maces & Flails
  1267 | D:2      | Reached XP level 3. HP: 24/31 MP: 1/8
  1755 | D:2      | Reached skill level 3 in Maces & Flails
  1780 | D:1      | Learned a level 2 spell: Blink
  1783 | D:1      | Learned a level 2 spell: Call Imp
  1786 | D:1      | Learned a level 2 spell: Repel Missiles
  2238 | D:2      | Reached XP level 4. HP: 39/39 MP: 2/10
  2243 | D:2      | Reached skill level 4 in Maces & Flails
  2896 | D:3      | Found a glowing drain.
  2901 | Sewer    | Entered a sewer
  2919 | Sewer    | Reached skill level 5 in Maces & Flails
  3345 | Sewer    | Reached XP level 5. HP: 32/45 MP: 11/11
  4077 | D:3      | Found a shattered altar of Ashenzari.
  4248 | D:3      | Became a worshipper of Ashenzari the Shackled
  4421 | D:3      | Reached skill level 6 in Maces & Flails
  5044 | D:4      | Learned a level 3 spell: Mephitic Cloud
  5432 | D:4      | Reached XP level 6. HP: 48/53 MP: 9/13
  5485 | D:4      | Reached skill level 7 in Maces & Flails
  5803 | D:5      | Entered Level 5 of the Dungeon
  6109 | D:5      | Reached skill level 8 in Maces & Flails
  6291 | D:5      | Found a stormy altar of Qazlal.
  6406 | D:5      | Found Froud's Armour Boutique.
  6415 | D:5      | Bought a +0 cloak for 63 gold pieces
  6546 | D:5      | Reached skill level 9 in Maces & Flails
  6546 | D:5      | Reached XP level 7. HP: 59/59 MP: 9/15
  6842 | D:5      | Found a sacrificial altar of Ru.
  7823 | D:6      | Reached skill level 10 in Maces & Flails
  7889 | D:6      | Reached XP level 8. HP: 48/67 MP: 17/17
  8003 | D:6      | Reached skill level 11 in Maces & Flails
  8693 | D:6      | Reached skill level 12 in Maces & Flails
  9179 | D:6      | Learned a level 3 spell: Conjure Flame
  9560 | D:6      | Found a blossoming altar of Fedhas.
  9564 | D:6      | Found an iron altar of Okawaru.
  9567 | D:6      | Found a bloodstained altar of Trog.
  9613 | D:7      | Found a sand-covered staircase.
  9621 | Ossuary  | Entered an ossuary
 10080 | D:7      | Found a staircase to the Ecumenical Temple.
 10181 | D:7      | Reached skill level 13 in Maces & Flails
 10511 | D:7      | Reached XP level 9. HP: 72/74 MP: 18/18
 10927 | D:7      | Acquired Ashenzari's first power
 10963 | D:7      | Noticed Menkaure
 10968 | D:7      | Noticed Ijyb
 10981 | D:7      | Reached skill level 14 in Maces & Flails
 11001 | D:7      | Killed Ijyb
 11003 | D:7      | Killed Menkaure
 11632 | D:7      | Reached skill level 3 in Dodging
 11918 | D:7      | Reached skill level 4 in Dodging
 12116 | D:8      | Noticed Eustachio
 12116 | D:8      | Noticed Grum
 12120 | D:8      | Reached skill level 5 in Dodging
 12127 | D:8      | Killed Grum
 12278 | D:8      | Reached skill level 6 in Dodging
 12302 | D:8      | Reached XP level 10. HP: 33/81 MP: 6/19
 12565 | D:7      | Check every single staircase with X before going down because that floor is made out of Lair monsters
 12680 | D:8      | Reached skill level 7 in Dodging
 12932 | D:8      | Killed Eustachio
 13433 | D:8      | Found a deep blue altar of Sif Muna.
 13659 | D:8      | Found a glowing silver altar of Zin.
 13758 | D:8      | Reached skill level 8 in Dodging
 13770 | D:8      | Found Ghuac's Jewellery Emporium.
 13784 | D:8      | Bought a +3 ring of evasion for 294 gold pieces
 14000 | D:8      | Reached skill level 1 in Conjurations
 14039 | D:7      | Upgraded the game from 0.16-a0-783-gf476f6a to 0.16-a0-787-g31dbbe7
 14491 | D:9      | Reached skill level 2 in Conjurations
 14666 | D:9      | Noticed Psyche
 14679 | D:9      | Killed Psyche
 14784 | D:9      | Reached skill level 3 in Conjurations
 14826 | D:9      | Found a staircase to the Lair.
 14939 | D:9      | Noticed Pikel
 14992 | D:9      | Killed Pikel
 14992 | D:9      | Reached skill level 4 in Conjurations
 15160 | D:9      | Noticed Dowan
 15162 | D:9      | Noticed Duvessa
 15170 | D:9      | Killed Duvessa
 15191 | D:9      | Killed Dowan
 15638 | Lair:1   | Entered Level 1 of the Lair of Beasts
 15645 | Lair:1   | Reached skill level 5 in Conjurations
 15882 | Lair:1   | Identified a scroll of acquirement
 15883 | Lair:1   | Got the cursed large shield of Plavoagh {rN+ Slay-2}
 16092 | Lair:1   | Reached XP level 11. HP: 63/88 MP: 8/20
 16252 | Lair:1   | Noticed a five-headed hydra
 16316 | D:10     | Entered Level 10 of the Dungeon
 16561 | D:10     | Got the uncursed robe of Perpetual Drought {rF+ Str+1}
 16725 | D:10     | Identified the +2 robe of Perpetual Drought {rF+ Str+1} (You found it on level 10 of the Dungeon)
 16772 | D:10     | Noticed Sonja
 16785 | D:10     | Killed Sonja
 16785 | D:10     | Reached skill level 9 in Dodging
 17027 | D:10     | Acquired Ashenzari's second power
 17050 | D:10     | Noticed a hill giant
 17128 | D:10     | Killed a hill giant
 17171 | D:10     | Noticed Erica
 17176 | D:10     | Killed Erica
 17342 | D:10     | Reached skill level 10 in Dodging
 17733 | D:11     | Noticed Joseph
 17744 | D:11     | Killed Joseph
 17808 | D:11     | Reached skill level 11 in Dodging
 18499 | Lair:1   | Killed a five-headed hydra
 19171 | Lair:1   | Reached XP level 12. HP: 94/96 MP: 21/21
 19302 | Lair:1   | Reached skill level 12 in Dodging
 19433 | Lair:1   | Acquired Ashenzari's third power
 20207 | Lair:2   | Noticed an eight-headed hydra
 20215 | Lair:2   | Killed an eight-headed hydra
 20941 | Lair:3   | Reached skill level 13 in Dodging
 21016 | Lair:3   | Noticed Gastronok
 21049 | Lair:3   | Killed Gastronok
 21854 | Lair:3   | Identified the ring of the Princeling {+Inv rC+}
 22219 | Lair:3   | Reached skill level 14 in Dodging
 22761 | Lair:3   | Identified the +10 morningstar of Precise Incision {flame, rElec}
 22771 | Lair:3   | Reached XP level 13. HP: 73/102 MP: 22/22
 23627 | Lair:4   | Reached skill level 15 in Dodging
 24054 | Lair:4   | Learned a level 1 spell: Apportation
 24058 | Lair:4   | Learned a level 3 spell: Portal Projectile
 24364 | Lair:4   | Reached skill level 1 in Translocations
 24408 | Lair:4   | Learned a level 2 spell: Shroud of Golubria
 24695 | Lair:4   | Reached skill level 1 in Throwing
 24701 | Lair:4   | Reached skill level 2 in Throwing
 24707 | Lair:4   | Reached skill level 3 in Throwing
 24994 | Lair:5   | Reached skill level 4 in Throwing
 25037 | Lair:5   | Found a frozen archway.
 25091 | Lair:4   | HP: 2/102 [killer bee (9)]
 25092 | Lair:4   | Slain by a killer bee

Vanquished Creatures
  Gastronok (Lair:3)
  3 hydras
  Erica (D:10)
  2 death yaks
  A catoblepas (Lair:3)
  A hill giant (D:10)
  Pikel (D:9)
  5 lindwurms
  A cyclops (D:11)
  A griffon (Lair:3)
  5 black mambas
  An elephant (Lair:3)
  Joseph (D:11)
  A gargoyle (D:11)
  Psyche (D:9)
  4 komodo dragons
  6 spiny frogs
  A fire drake (D:9)
  Sonja (D:10)
  A troll (D:9)
  9 blink frogs
  3 basilisks (Lair:3)
  6 yaks
  Eustachio (D:8)
  4 hippogriffs
  A steam dragon (D:11)
  Grum (D:8)
  A wraith (D:10)
  A wyvern (D:10)
  A hungry ghost (D:8)
  6 wolves
  9 water moccasins
  Menkaure (D:7)
  6 porcupines
  A human skeleton (D:11)
  5 orc warriors
  3 sky beasts
  3 black bears
  2 centaurs
  An ice beast (D:6)
  A slave (D:9)
  An ogre (D:5)
  A crocodile (Lair:2)
  2 big kobolds
  Duvessa (D:9)
  19 giant frogs
  A gnoll sergeant (D:8)
  2 wyvern zombies (D:9)
  3 scorpions
  15 killer bees
  3 wights (D:10)
  A tengu skeleton (D:10)
  An electric eel (Lair:3)
  A yak skeleton (D:8)
  8 crimson imps
  2 goliath beetles
  A jelly (D:8)
  Dowan (D:9)
  A quasit (D:8)
  A centaur zombie (D:9)
  A giant frog skeleton (D:5)
  5 orc priests
  A centaur skeleton (D:7)
  9 hounds
  An iron imp (D:8)
  14 orc wizards
  7 iguanas
  7 worker ants
  An ogre zombie (D:7)
  A big kobold zombie (D:6)
  20 sheep
  Ijyb (D:7)
  3 mummies (Ossuary)
  6 gnolls
  38 green rats
  An orc zombie (D:8)
  3 shadow imps
  19 adders
  3 giant mites
  2 white imps
  3 worms
  An ufetubus (D:8)
  An adder zombie (Ossuary)
  3 gnoll zombies
  An iguana skeleton (D:7)
  An orc skeleton (D:8)
  7 giant geckos
  An ooze (Sewer)
  27 orcs
  23 bats
  2 giant cockroaches
  14 goblins
  17 hobgoblins
  8 jackals
  26 kobolds
  17 quokkas
  A ball python (D:5)
  A giant gecko skeleton (D:5)
  4 giant newts
  A giant newt skeleton (D:3)
  A giant spore (D:6)
  A goblin skeleton (D:4)
  4 goblin zombies (Ossuary)
  2 hobgoblin skeletons
  2 hobgoblin zombies (Ossuary)
  4 kobold zombies (Ossuary)
  A quokka zombie (Ossuary)
  11 rats
  4 rat zombies (Ossuary)
  2 ballistomycetes (D:6)
  A plant (Lair:4)
505 creatures vanquished.

Vanquished Creatures (collateral kills)
  A hippogriff (D:7)
  An orc warrior (D:9)
  3 ogres
  2 giant frogs (D:7)
  An eye of draining (D:10)
  3 killer bees
  A human zombie (Ossuary)
  2 worker ants
  An ogre skeleton (D:6)
  3 adders
  6 gnolls
  A giant mite (D:3)
  2 worms
  A giant gecko (Sewer)
  An ooze (Sewer)
  8 orcs
  A ball python (Sewer)
  3 bats
  A giant cockroach (Sewer)
  A hobgoblin (D:6)
  A giant newt (Sewer)
  A kobold (D:2)
  A kobold zombie (D:6)
  A rat (D:7)
47 creatures vanquished.

Vanquished Creatures (others)
  A mottled dragon (D:9)
  A slave (D:9)
  8 crimson imps
  An iron imp (Ossuary)
  7 shadow imps
  15 white imps
  An orc (D:5)
  2 fungi (Lair:4)
  A plant (Lair:4)
  9 toadstools (Lair:3)
46 creatures vanquished.

Grand Total: 598 creatures vanquished
